 Dungeon Crawl Stone Soup version 0.16-a0-3476-g5f3739d (webtiles) character file.

496 jessie the Chopper (level 7, 0/56 HPs)
             Began as a Formicid Fighter on Jan 6, 2015.
             Slain by an orc priest
             ... wielding a +0 dagger
              (3 damage)
             ... on level 5 of the Dungeon.
             The game lasted 00:09:57 (1788 turns).

jessie the Chopper (Formicid Fighter)               Turns: 1788, Time: 00:09:57

Health: 0/56       AC:  6    Str: 27    XL:     7   Next: 38%
Magic:  9/9        EV: 11    Int:  8    God:
Gold:   139        SH: 10    Dex: 10    Spells: 0 memorised, 6 levels left

rFire  . . .     SeeInvis +     a - +0 war axe
rCold  . . .     Clarity  .     b - +0 scale mail
rNeg   . . .     SustAb   .     c - +0 shield
rPois  .         Gourm    .     (helmet unavailable)
rElec  .         Spirit   .     (no cloak)
rCorr  .         Warding  .     (no gloves)
rMut   .         Stasis   +     (no boots)
MR     .....                    (no amulet)
Stlth  ..........               (no ring)
                                f - +3 ring of evasion

@: mighty, flying, not resistant to hostile enchantments, extremely unstealthy
A: permanent stasis, dig shafts and tunnels, four strong arms, antennae 3
a: Dig, Shaft Self


You were on level 5 of the Dungeon.
You were hungry.

You visited 1 branch of the dungeon, and saw 5 of its levels.

You collected 139 gold pieces.

Inventory:

Hand weapons
 a - a +0 war axe (weapon)
 q - a +0 battleaxe
Missiles
 k - 2 poisoned needles
 Z - a throwing net (quivered)
Armour
 b - a +0 scale mail (worn)
 c - a +0 shield (worn)
Jewellery
 f - a +3 ring of evasion (left hand)
 j - an uncursed ring of ice
Scrolls
 g - a scroll of fog {unknown}
 h - 2 scrolls of identify {unknown}
 i - 5 scrolls of teleportation {unknown}
 l - a scroll of immolation {unknown}
 n - a scroll of noise {unknown}
 p - a scroll of random uselessness {unknown}
Potions
 e - a potion of might
Comestibles
 d - 3 bread rations
 o - a royal jelly
 r - a slice of pizza
 s - a meat ration


   Skills:
 - Level 5.0 Fighting
 + Level 6.1 Axes
 - Level 3.2 Armour
 + Level 4.8 Shields


You had 6 spell levels left.
You didn't know any spells.

Dungeon Overview and Level Annotations

Branches:
Dungeon (5/15)
 Temple: D:4-7

Altars:
Elyvilon
Fedhas
Okawaru
Sif Muna
Yredelemnul


Innate Abilities, Weirdness & Mutations

You are under a permanent stasis effect.
You can dig through walls and to a lower floor.
Your four strong arms can wield two-handed weapons with a shield.
You have a pair of large antennae on your head (SInv).


Message History

* * * LOW HITPOINT WARNING * * *
You block the orc priest's attack.
Drink which item? (? for menu, Esc to quit)
It was a potion of flight.
You feel very buoyant.
You fly up into the air.
The orc priest calls upon Beogh to heal the orc priest.
The orc priest's wounds heal themselves!
Drink which item? (? for menu, Esc to quit)
You feel very mighty all of a sudden. The orc priest barely misses you.
You hit the orc priest.
The orc priest is moderately wounded.
The orc priest barely misses you.
You slash the orc priest!
You kill the orc priest!
You hit the orc priest.
The orc priest is lightly wounded.
The orc priest hits you with a dagger.
You die...

### # ##.##
#####.#####. ##.#.##
#..@oo......
##.###.###.###o.#.##.
#.## ##....# ....
##.###.##### #..#
#..#.# .# #.#.#
####.###########
##.##.# #.......#
##.....# #.......#


You could see an orc priest and 2 orcs.

Vanquished Creatures
  A giant frog (D:3)
  The ghost of superterranean the Charlatan, an average SpAr (D:4)
  A centaur skeleton (D:5)
  2 orc wizards
  An orc priest (D:5)
  2 worker ants
  Jessica (D:2)
  Robin (D:4)
  7 gnolls
  5 adders
  A worm (D:2)
  An adder skeleton (D:4)
  A giant gecko (D:3)
  An ooze (D:3)
  5 orcs
  4 bats
  2 giant cockroaches
  13 goblins
  9 hobgoblins
  A giant gecko skeleton (D:5)
  A giant newt (D:1)
  5 jackals
  5 kobolds
  5 rats
76 creatures vanquished.

Notes
Turn   | Place    | Note
--------------------------------------------------------------
     0 | D:1      | jessie, the Formicid Fighter, began the quest for the Orb.
     0 | D:1      | Reached XP level 1. HP: 18/18 MP: 1/1
   261 | D:1      | Reached XP level 2. HP: 24/24 MP: 3/3
   444 | D:2      | Noticed Jessica
   447 | D:2      | Killed Jessica
   447 | D:2      | Reached XP level 3. HP: 22/30 MP: 4/4
   495 | D:2      | Reached skill level 4 in Fighting
   495 | D:2      | Reached XP level 4. HP: 18/37 MP: 5/5
   725 | D:3      | Noticed an ice beast
   891 | D:2      | Reached XP level 5. HP: 42/42 MP: 7/7
   896 | D:2      | Found an iron altar of Okawaru.
  1071 | D:3      | Noticed a giant frog
  1074 | D:3      | Killed a giant frog
  1074 | D:3      | Reached XP level 6. HP: 42/49 MP: 8/8
  1225 | D:4      | Found a deep blue altar of Sif Muna.
  1237 | D:4      | Found a basalt altar of Yredelemnul.
  1237 | D:4      | Found a white marble altar of Elyvilon.
  1238 | D:4      | Noticed superterranean's ghost (average SpAr)
  1241 | D:4      | Found a blossoming altar of Fedhas.
  1273 | D:4      | Killed superterranean's ghost
  1273 | D:4      | Reached skill level 5 in Fighting
  1273 | D:4      | Reached skill level 5 in Axes
  1362 | D:4      | Noticed Robin
  1386 | D:4      | Killed Robin
  1637 | D:4      | Reached XP level 7. HP: 45/56 MP: 9/9
  1720 | D:5      | Entered Level 5 of the Dungeon
  1778 | D:5      | Reached skill level 6 in Axes
  1783 | D:5      | HP: 2/56 [orc priest/divine providence (15)]
  1788 | D:5      | Slain by an orc priest

Action                   |  1- 3 |  4- 6 |  7- 9 || total
-------------------------+-------+-------+-------++-------
Melee: War axe           |    51 |   181 |    36 ||   268
 Abil: Dig               |       |     5 |       ||     5
  Use: Potion            |       |     2 |     2 ||     4
  Eat: Chunk             |       |     3 |       ||     3
